 Dungeon Crawl Stone Soup version 0.17.0-28-g6e173f8 (webtiles) character file.

16035 ventricule the Grappler (level 12, -1/118 HPs)
             Began as a Troll Summoner on Nov 22, 2015.
             Slain by a blink frog (17 damage)
             ... on level 7 of the Lair of Beasts.
             The game lasted 00:37:04 (12026 turns).

ventricule the Grappler (Troll Summoner)           Turns: 12026, Time: 00:37:04

Health: -1/118     AC:  9    Str: 19    XL:     12   Next: 6%
Magic:  12/12      EV: 15    Int: 14    God:
Gold:   584        SH:  0    Dex: 14    Spells: 1 memorised, 12 levels left

rFire  . . .     SeeInvis .       - Unarmed
rCold  . . .     Clarity  .     a - +1 robe
rNeg   + . .     SustAt   .     (no shield)
rPois  .         Gourm    +     (helmet restricted)
rElec  .         Spirit   .     p - +0 cloak
rCorr  .         Warding  .     (gloves unavailable)
rMut   +         Stasis   .     (boots unavailable)
MR     +....                    F - amulet of Fapovobi {rMut rN+ MR+ Slay+3}
Stlth  ++........               g - +2 ring of protection
                                A - +3 ring of intelligence

@: lethally poisoned (-1 -> -5), somewhat resistant to hostile enchantments,
unstealthy
A: unfitting armour, claws 3, fast metabolism 3, gourmand, regeneration 2,
shaggy fur 1, tough skin 2
a: no special abilities


You were on level 7 of the Lair of Beasts.
You were not hungry.

You visited 2 branches of the dungeon, and saw 16 of its levels.
You also visited: Labyrinth and Volcano.

You collected 740 gold pieces.
You spent 156 gold pieces at shops.


Innate Abilities, Weirdness & Mutations

You are too large for most types of armour.
You have claws for hands.
Your metabolism is lightning-fast.
You like to eat raw meat.
You heal very quickly.
You are covered in fur (AC +1).
You have very tough skin (AC +2).


   Skills:
 - Level 7.0 Fighting
 + Level 5.6 Throwing
 + Level 9.2 Dodging
 - Level 1.1 Stealth
 + Level 12.6 Unarmed Combat
 - Level 1.2 Spellcasting
 - Level 2.9 Summonings


You had 12 spell levels left.
You knew the following spells:

 Your Spells              Type           Power        Failure   Level  Hunger
z - Summon Small Mammal   Summ           #...         10%         1    ##.....

Inventory:

Hand Weapons
 t - the +3 whip of the Spinneret {pain, +Blink rC- rN+ Dex+3} In the hands of one skilled in necromantic magic, it inflicts extra damage on living creatures. It affects your dexterity (+3). It makes you vulnerable to cold. It protects you from negative energy. It lets you blink.
Missiles
 v - 4 throwing nets {=f}
Armour
 a - a +1 robe (worn)
 p - a +0 cloak (worn)
 s - a -1 robe
Rods
 G - a +5 rod of clouds (13/13) {!a}
Jewellery
 d - an uncursed ring of sustain attributes
 e - an uncursed amulet of clarity
 g - a +2 ring of protection (right claw)
 q - the amulet "Ufo Fyic" {Inacc Str+3}

   [amulet of inaccuracy]

   It reduces the accuracy of all your attacks.
   It affects your strength (+3).
 A - a +3 ring of intelligence (left claw)
 F - the amulet of Fapovobi (around neck) {rMut rN+ MR+ Slay+3}

   [amulet of resist mutation]

   It protects you from mutation.
   It affects your accuracy and damage with ranged weapons and melee attacks
   (+3).
   It protects you from negative energy.
   It affects your resistance to hostile enchantments.
Wands
 o - a wand of flame (22)
 w - a wand of confusion (48)
 y - a wand of disintegration (5)
 B - a wand of paralysis (16)
Scrolls
 b - 2 scrolls of enchant armour
 l - 5 scrolls of immolation {!r}
 n - a scroll of blinking
 u - a scroll of amnesia
 x - 2 scrolls of teleportation {@r4}
 z - a scroll of recharging
 D - a scroll of fear
 E - a scroll of enchant weapon
Potions
 f - 5 potions of heal wounds {@q2}
 h - 4 potions of flight
 i - 2 potions of curing {@q1}
 j - 4 potions of brilliance
 m - a potion of ambrosia {!q}
 r - a potion of magic
 H - a potion of degeneration {!q}
Comestibles
 c - 7 bread rations
 k - 6 meat rations

Dungeon Overview and Level Annotations

Branches:
Dungeon (8/15)             Temple (0/1) D:7            Lair (8/8) D:8
 Spider (0/4) Lair:4        Slime (0/6) Lair:8
  Swamp: Lair:3-6    Shoals: Lair:3-6

Altars:
Fedhas
Gozag
Kikubaaqudgha
Nemelex Xobeh
Ru
Sif Muna
Trog

Shops:
D:4 *   D:7 [

Annotations:
Lair:4 exclusion: oklob plant
Lair:6 Josephine
Lair:7 Snorg

......▒▒.....▒.
......▒P....▒...
......▒.........
..............P..
................▒
...............▒
#▒≈▒▒..........▒
≈≈▒▒...........▒▒▒
##≈.▒..........FT▒ f.
≈≈▒▒...(......F▒▒▒ ..
≈≈▒▒▒...........▒ .f
≈≈▒▒........F..▒▒ ▒
≈≈▒▒.......F...▒▒▒▒
.▒.▒▒▒
###▒.......F..Pf▒.▒▒.
P...▒..
≈≈▒▒............f....
........
##▒▒.................
...>....
▒▒▒............P.▒▒▒
........


You could see 4 blink frogs.


Message History

You feel sick.
You feel very sick. The worker ant closely misses you.
You feel sick.
The blink frog gives a loud, deep croak!
The blink frog blinks!
You feel sick.
You claw the worker ant!
The worker ant is almost dead.
You feel sick.
The worker ant bites you but does no damage.
A blink frog comes into view.
You closely miss the worker ant.
The worker ant is almost dead.
You feel sick.
The blink frog gives a loud, deep croak!
The worker ant bites you but does no damage.
You mangle the worker ant!!
You kill the worker ant!
You feel sick.
You mangle the blink frog!!
The blink frog is severely wounded.
You feel sick. The blink frog hits you.
* * * LOW HITPOINT WARNING * * *
A blink frog comes into view.
The blink frog is severely wounded.
You feel sick. The blink frog misses you.
The blink frog is severely wounded.
You feel sick. The blink frog hits you!
You die...

Action                   |  1- 3 |  4- 6 |  7- 9 | 10-12 || total
-------------------------+-------+-------+-------+-------++-------
Melee: Unarmed           |   109 |   205 |   368 |   427 ||  1109
Evoke: Wand              |       |       |     1 |     1 ||     2
       Rod               |       |       |       |     5 ||     5
  Use: Scroll            |     8 |     5 |     8 |     7 ||    28
       Potion            |     2 |       |     4 |     6 ||    12
 Stab: Sleeping          |     3 |     3 |     5 |     2 ||    13
       Invisible         |       |       |     1 |     1 ||     2
       Confused          |       |       |       |     1 ||     1
  Eat: Chunk             |     7 |    25 |    42 |    31 ||   105
       Royal jelly       |       |       |     2 |       ||     2
       Meat ration       |       |       |     1 |       ||     1

Vault maps used:
D:1:      dpeg_arrival_renting, serial_park_tiny_2, kennysheep_boxes
D:3:      lemuel_round_altar, first_bread, serial_undead, serial_undead_c,
          serial_undead_a, serial_undead_f, serial_undead_b
D:4:      serial_shops, nicolae_shop_behind_doors
D:5:      fedhas_altar_3, nemelex_spade_bored_becter
D:6:      kennysheep_mini, trog_butcher_becter
D:7:      lemuel_coloured_pillars_altar, minmay_temple_entry_hall, serial_shops,
          shop_statue
D:8:      due_lair_maze_entry_diamond, basic_altar, uniq_joseph, uniq_grum
Lair:1:   minmay_lair_oklob_chamber, lab_entry_generic
Lair:2:   serial_bayou_shore_a, grunt_megastairs_1, infiniplex_staircase_pool_2,
          lemuel_fruit_fields
Lair:3:   uniq_harold, uniq_maud
Lair:4:   spider_nest_entry_a, serial_bayou, serial_bayou_pond_a,
          serial_bayou_shore_b, serial_bayou_crossing, serial_bayou_lagoon_a,
          dpeg_oklob_1
Lair:5:   minmay_shoals_entry_hut, wad_woods_06, minivault_19,
          eino_small_chamber_without_monster, grunt_megastairs_3
Lair:6:   enter_volcano_2, minivault_23, uniq_josephine
Lair:7:   zaba_anthell, uniq_snorg
Lair:8:   grunt_lair_end_beastmaster, slime_dummy, lemuel_fruit_fields,
          serial_bayou_shore_b
Volcano:  volcano_caves

Notes
Turn   | Place    | Note
--------------------------------------------------------------
     0 | D:1      | ventricule the Troll Summoner began the quest for the Orb.
     0 | D:1      | Reached XP level 1. HP: 16/16 MP: 1/1
    96 | D:1      | Reached skill level 1 in Unarmed Combat
   285 | D:1      | Reached XP level 2. HP: 19/24 MP: 2/2
   510 | D:1      | Reached skill level 2 in Unarmed Combat
   938 | D:2      | Reached XP level 3. HP: 25/31 MP: 3/3
  1141 | D:3      | Reached skill level 3 in Unarmed Combat
  1205 | D:3      | Found an ancient bone altar of Kikubaaqudgha.
  1250 | D:3      | Reached XP level 4. HP: 36/39 MP: 4/4
  1563 | D:3      | Reached skill level 4 in Unarmed Combat
  1726 | D:3      | Reached XP level 5. HP: 38/45 MP: 5/5
  2105 | D:3      | Reached skill level 5 in Unarmed Combat
  2787 | D:4      | Reached XP level 6. HP: 49/53 MP: 6/6
  2795 | D:4      | Reached skill level 6 in Unarmed Combat
  2993 | D:4      | Found Antess's Assorted Antiques.
  2996 | D:4      | Bought a scroll labeled MONIUPPAIP for 26 gold pieces
  2996 | D:4      | Bought a glittering diamond amulet for 130 gold pieces
  2996 | D:4      | Identified the amulet "Ufo Fyic" {Inacc Str+3} (You bought it in a shop on level 4 of the Dungeon)
  3315 | D:4      | Reached skill level 7 in Unarmed Combat
  3375 | D:4      | Reached XP level 7. HP: 55/59 MP: 7/7
  3378 | D:4      | Got a crystal whip
  3379 | D:4      | Identified the +3 whip of the Spinneret {pain, +Blink rC- rN+ Dex+3} (You found it on level 4 of the Dungeon)
  3384 | D:4      | Noticed an ogre
  3392 | D:4      | HP: 2/59 [ogre/giant club (24)]
  3734 | D:4      | Killed an ogre
  3734 | D:4      | Reached skill level 1 in Fighting
  3734 | D:4      | Reached skill level 2 in Dodging
  3791 | D:5      | Entered Level 5 of the Dungeon
  3957 | D:5      | Found a sparkling altar of Nemelex Xobeh.
  4213 | D:5      | Found a blossoming altar of Fedhas.
  4267 | D:5      | Reached skill level 2 in Fighting
  4363 | D:5      | Reached skill level 8 in Unarmed Combat
  4538 | D:6      | Reached skill level 3 in Dodging
  4538 | D:6      | Reached XP level 8. HP: 72/74 MP: 8/8
  4948 | D:6      | Found an opulent altar of Gozag.
  5014 | D:6      | Gained mutation: You expend magic power (3 MP) to strengthen your wands. [potion of mutation]
  5014 | D:6      | Gained mutation: Armour fits poorly on your strangely shaped body. [potion of mutation]
  5014 | D:6      | Gained mutation: Your magical capacity is low (-10% MP). [potion of mutation]
  5376 | D:6      | Found a bloodstained altar of Trog.
  5734 | D:6      | Reached skill level 3 in Fighting
  6116 | D:7      | Found Bugrai's Armour Emporium.
  6117 | D:7      | Identified a potion of resistance
  6161 | D:7      | Reached skill level 4 in Dodging
  6215 | D:7      | Lost mutation: Your magical capacity is low (-10% MP). [potion of cure mutation]
  6215 | D:7      | Lost mutation: Armour fits poorly on your strangely shaped body. [potion of cure mutation]
  6215 | D:7      | Lost mutation: You expend magic power (3 MP) to strengthen your wands. [potion of cure mutation]
  6309 | D:7      | Found a sacrificial altar of Ru.
  6379 | D:7      | Reached skill level 4 in Fighting
  6379 | D:7      | Reached skill level 9 in Unarmed Combat
  6510 | D:7      | Found a staircase to the Ecumenical Temple.
  6754 | D:8      | Reached XP level 9. HP: 84/84 MP: 9/9
  6761 | D:8      | Found a staircase to the Lair.
  7149 | D:8      | Noticed Joseph
  7170 | D:8      | Killed Joseph
  7323 | D:8      | Reached skill level 5 in Dodging
  7351 | D:8      | Found a deep blue altar of Sif Muna.
  7353 | D:8      | Noticed Grum
  7419 | D:8      | Killed Grum
  7419 | D:8      | Reached skill level 5 in Fighting
  7726 | D:8      | Reached skill level 10 in Unarmed Combat
  7746 | Lair:1   | Entered Level 1 of the Lair of Beasts
  7869 | Lair:1   | Reached skill level 6 in Dodging
  7942 | Lair:1   | Noticed a five-headed hydra
  7969 | Lair:1   | Found a labyrinth entrance.
  7986 | Lab      | Entered a labyrinth
  8999 | Lab      | Noticed a minotaur
  9021 | Lab      | Killed a minotaur
  9021 | Lab      | Reached skill level 6 in Fighting
  9021 | Lab      | Reached XP level 10. HP: 39/98 MP: 10/10
  9027 | Lab      | Got a coiled amethyst amulet
  9033 | Lab      | Identified the amulet of Fapovobi {rMut rN+ MR+ Slay+3} (You found it in a labyrinth)
  9528 | Lair:4   | Noticed an oklob plant
  9589 | Lair:3   | Noticed an eight-headed hydra
  9674 | Lair:3   | Noticed Harold
  9718 | Lair:3   | Killed Harold
  9718 | Lair:3   | Reached skill level 7 in Dodging
  9718 | Lair:3   | Reached skill level 11 in Unarmed Combat
  9889 | Lair:4   | Found a hole to the Spider Nest.
  9899 | Lair:4   | Reached skill level 7 in Fighting
  9965 | Lair:4   | Reached skill level 1 in Throwing
 10133 | Lair:4   | Reached XP level 11. HP: 89/109 MP: 11/11
 10272 | Lair:4   | Reached skill level 2 in Throwing
 10315 | Lair:4   | Noticed a four-headed hydra
 10583 | Lair:6   | Reached skill level 3 in Throwing
 10682 | Lair:6   | Reached skill level 8 in Dodging
 10689 | Lair:6   | Found a dark tunnel.
 10698 | Volcano  | Entered a volcano
 10716 | Volcano  | Noticed Nessos
 10744 | Volcano  | Killed Nessos
 10744 | Volcano  | Reached skill level 12 in Unarmed Combat
 10875 | Lair:6   | Noticed Josephine
 10886 | Lair:6   | Reached skill level 4 in Throwing
 10962 | Lair:6   | Noticed a five-headed hydra
 11158 | Lair:8   | Entered Level 8 of the Lair of Beasts
 11158 | Lair:8   | Found a staircase to the Slime Pits.
 11411 | Lair:7   | Noticed Snorg
 11631 | Lair:7   | Noticed a queen ant
 11664 | Lair:7   | Killed a queen ant
 11664 | Lair:7   | Reached skill level 5 in Throwing
 11664 | Lair:7   | Reached skill level 9 in Dodging
 11732 | Lair:7   | Reached XP level 12. HP: 19/118 MP: 12/12
 12026 | Lair:7   | Slain by a blink frog

Vanquished Creatures
  Nessos (Volcano)
  A minotaur (Lab)
  Harold (Lair:3)
  A queen ant (Lair:7)
  Joseph (D:8)
  2 black mambas (Lair:7)
  2 spiny frogs (Lair:7)
  6 komodo dragons
  A yaktaur (Volcano)
  2 wraiths (Lair:6)
  7 yaks
  A basilisk (Lair:7)
  Grum (D:8)
  3 hippogriffs
  3 water moccasins
  11 soldier ants (Lair:7)
  3 wolves (D:8)
  8 spiders (Lair:4)
  An ice beast (D:8)
  An ogre (D:4)
  An orc warrior (D:7)
  8 porcupines
  2 crocodiles
  2 phantoms
  2 centaurs
  A big kobold (D:7)
  12 giant frogs
  A scorpion (D:4)
  A centaur zombie (D:5)
  5 wights (D:7)
  4 hounds
  3 crimson imps
  A jelly (D:6)
  5 orc wizards
  2 centaur skeletons
  An iguana (D:6)
  38 worker ants
  A giant frog skeleton (D:5)
  An orc priest (D:8)
  A killer bee zombie (D:6)
  24 sheep
  18 gnolls
  5 worker ant zombies
  4 adders
  30 river rats
  An ooze (D:1)
  An adder zombie (D:3)
  2 adder skeletons
  3 worms
  6 giant geckos
  23 orcs
  13 bats
  3 giant cockroaches
  5 hobgoblins
  4 jackals (D:3)
  2 ball pythons
  A giant newt (D:1)
  6 goblins
  2 jackal skeletons
  8 kobolds
  3 quokkas
  A quokka skeleton (D:3)
  10 rats
324 creatures vanquished.

Vanquished Creatures (others)
  11 fungi
  3 plants
14 creatures vanquished.

Grand Total: 338 creatures vanquished
